 Dungeon Crawl Stone Soup version 0.19-a0-1779-g7aee5af (webtiles) character file.

5 FrankyJ the Vexing (level 1, 0/10 HPs)
             Began as a Deep Elf Enchanter on Oct 2, 2016.
             Slain by a jackal (2 damage)
             ... on level 1 of the Dungeon.
             The game lasted 00:01:03 (544 turns).

FrankyJ the Vexing (Deep Elf Enchanter)              Turns: 544, Time: 00:01:03

Health: 0/10       AC:  3    Str:  5    XL:     1   Next: 66%
Magic:  5/6        EV: 12    Int: 19    God:
Gold:   45         SH:  0    Dex: 15    Spells: 1 memorised, 5 levels left

rFire  + . .     SeeInvis .     a - +1 dagger
rCold  . . .     Gourm    .     g - +0 leather armour {rF+}
rNeg   . . .     Faith    .     (no shield)
rPois  .         Spirit   .     (no helmet)
rElec  .         Dismiss  .     (no cloak)
rCorr  .         Reflect  .     (no gloves)
MR     .....     Harm     .     (no boots)
Stlth  ++........               (no amulet)
                                (no ring)
                                (no ring)

@: no status effects
A: no striking features
a: no special abilities


You were on level 1 of the Dungeon.
You were not hungry.

You visited 1 branch of the dungeon, and saw 1 of its levels.

You collected 45 gold pieces.

Inventory:

Hand Weapons
 a - a +1 dagger (weapon)
Armour
 b - a +1 robe
 g - a +0 leather armour of fire resistance (worn)
Scrolls
 e - a scroll of remove curse {unknown}
Potions
 f - a potion of cure mutation {unknown}
Books
 c - a book of Maledictions

   Spells                             Type                      Level
   a - Corona                         Hexes                        1
   b - Ensorcelled Hibernation        Hexes/Ice                    2
   c - Confuse                        Hexes                        3
   d - Tukima's Dance                 Hexes                        3
   e - Dazzling Spray                 Conjuration/Hexes            3
Comestibles
 d - 2 bread rations
 h - a chunk of flesh


   Skills:
 * Level 0.2 Fighting
 - Level 1.0 Short Blades
 * Level 0.1 Armour
 * Level 2.5 Dodging
 + Level 3.9 Stealth
 - Level 3.0 Spellcasting
 - Level 4.0 Hexes


You had 5 spell levels left.
You knew the following spells:

 Your Spells              Type           Power        Failure   Level  Hunger
a - Corona                Hex            ###....      6%          1    None


Dungeon Overview and Level Annotations

Branches:
Dungeon (1/15)

Altars:


Message History

You miss the jackal.
The jackal is severely wounded.
The jackal barely misses you.
You hit the jackal but do no damage.
The jackal is severely wounded.
The jackal bites you. The jackal closely misses you.
You hit the jackal.
You kill the jackal!
The jackal barely misses you.
You hit the jackal but do no damage.
The jackal is lightly wounded.
The jackal bites you.
* * * LOW HITPOINT WARNING * * *
Casting: Corona
Confirm with . or Enter, or press ? or * to list all spells.
Aiming: Corona
Press: ? - help, Shift-Dir - straight line, f - jackal
Aim: a jackal (lightly wounded, chance to defeat MR: 73%)
The jackal barely resists.
The jackal bites you.
You die...

### #.. #.# ##+# #.#
##... #.#### ##....
#.##.## ##.....
#########.#...####......
..[.ghh@.........'......
#########.#...####......
#..#.## ##..... ##.###
##.... #.# ##...
####.###########'#
#............###.#
#.##.###.P.......#
#.##.# #..PP.....#


You could see 2 jackals and a hobgoblin.

Vanquished Creatures
  2 bats (D:1)
  2 jackals (D:1)
4 creatures vanquished.

Notes
Turn   | Place    | Note
-------+----------+-------------------------------------------
     0 | D:1      | FrankyJ the Deep Elf Enchanter began the quest for the Orb.
     0 | D:1      | Reached XP level 1. HP: 10/10 MP: 6/6
     2 | D:1      | Noticed a spriggan
     2 | D:1      | Noticed a demonspawn
     4 | D:1      | Noticed a vampire
     4 | D:1      | Noticed an ogre
     6 | D:1      | Noticed a felid
     8 | D:1      | Noticed a dwarf
     8 | D:1      | Noticed a minotaur
    10 | D:1      | Noticed an octopode
    12 | D:1      | Noticed a merfolk
    12 | D:1      | Noticed a human
    14 | D:1      | Noticed a tengu
    14 | D:1      | Noticed a draconian
    16 | D:1      | Noticed a demigod
    18 | D:1      | Noticed a centaur
    18 | D:1      | Noticed a vine stalker
    20 | D:1      | Noticed a ghoul
    20 | D:1      | Noticed a formicid
    22 | D:1      | Noticed a troll
    22 | D:1      | Noticed a halfling
    24 | D:1      | Noticed a gargoyle
    26 | D:1      | Noticed a naga
    26 | D:1      | Noticed an elf
   544 | D:1      | Slain by a jackal

Vault maps used:
D:1:      kb_arrival_jail, serial_forest, infiniplex_forest_straight_5,
          infiniplex_forest_clump_double, infiniplex_forest_end_1,
          infiniplex_forest_corner_2, infiniplex_forest_end_double,
          infiniplex_forest_clump_diagonal, st_stairs_3

Action                   || total
-------------------------++-------
Melee: Dagger            ||    16
 Cast: Corona            ||     3
Armor: Leather armour    ||     4
       Robe              ||     2
Dodge: Dodged            ||    10
